 Dungeon Crawl Stone Soup version 0.28-a0-998-gb9e9c7b67e (console) character file.

Game seed: 9293152990333156055

38 petzl the Vexing (level 3, 0/23 HPs)
             Began as an Octopode Arcane Marksman on Dec 5, 2021.
             Succumbed to an adder's poison
             ... on level 2 of the Dungeon.
             The game lasted 00:01:59 (1338 turns).

petzl the Vexing (Octopode Arcane Marksman)         Turns: 1338, Time: 00:02:00

Health: 0/23       AC:  1    Str:  9    XL:     3   Next: 43%
Magic:  3/5        EV: 13    Int: 17    God:
Gold:   85         SH:  0    Dex: 12    Spells: 4/5 levels left

rFire   . . .      SeeInvis .   a - +0 short sword (vamp)
rCold   . . .      Faith    .   (no shield)
rNeg    . . .      Spirit   .   (helmet restricted)
rPois   .          Reflect  .   (no amulet)
rElec   .          Harm     .   (no ring)
rCorr   .          Rampage  .   (no ring)
Will    .....                   (no ring)
Stlth   +++.......              (no ring)
HPRegen 0.07/turn               (no ring)
MPRegen 0.09/turn               (no ring)
                                (no ring)
                                (no ring)

@: lethally poisoned (0 -> -1)
A: almost no armour, amphibious, 8 rings, camouflage 1, gelatinous body 1,
(nimble swimmer 1), tentacles
a: no special abilities


You were on level 2 of the Dungeon.
You visited 1 branch of the dungeon, and saw 2 of its levels.

You collected 85 gold pieces.

Inventory:

Hand Weapons
 a - a +0 vampiric short sword (weapon)
 b - a +0 hand crossbow
Missiles
 c - 15 bolts


   Skills:
 + Level 1.6 Fighting
 + Level 2.3 Crossbows
 + Level 2.4 Dodging
 + Level 1.6 Stealth
 + Level 1.5 Spellcasting
 - Level 3.0 Hexes


You had 4 spell levels left.
You knew the following spells:

 Your Spells              Type           Power      Damage    Failure   Level
a - Slow                  Hex            44%        N/A       6%          1

Your spell library contained the following spells:

 Spells                   Type           Power      Damage    Failure   Level
 Inner Flame              Hex/Fire       6%         N/A       32%         3
 Portal Projectile        Hex/Tloc       12%        N/A       32%         3
 Cause Fear               Hex            5%         N/A       52%         4


Dungeon Overview and Level Annotations

Branches:
Dungeon (2/15)

Altars:


Innate Abilities, Weirdness & Mutations

You cannot wear most types of armour.
You are amphibious.
You can wear up to eight rings at the same time.
Your skin changes colour to match your surroundings (Stealth+).
Your rubbery body absorbs attacks. (AC +1, EV +1)
((You are camouflaged near water. (Stealth+)))
You have tentacles for arms and can constrict up to eight enemies at once.


Message History

You feel sick. The adder bites you.
You are more poisoned.
The adder poisons you! The adder bites you.
You miss the adder. Your grab misses the adder.
The adder is moderately wounded.
You feel sick. The adder bites you.
You hit the adder.
You feel better.
Your grab misses the adder.
The adder is severely wounded.
You feel sick. The adder barely misses you. The adder bites you.
* * * LOW HITPOINT WARNING * * *
You completely miss the adder. Your grab misses the adder.
The adder is severely wounded.
* * * LOW HITPOINT WARNING * * *
You feel sick. The adder misses you.
You aren't carrying any potions.
Unknown command.
Unknown command.
Okay, then.
You miss the adder. Your grab misses the adder. You squeeze the adder.
You kill the adder!
* * * LOW HITPOINT WARNING * * *
You feel sick.
Unknown command.
Unknown command.
You aren't carrying any potions.
Unknown command.
Unknown command.
As you read the scroll labelled GYHAGA NIOMIA, it crumbles to dust.
You feel strangely unstable.
It was a scroll of teleportation.
* * * LOW HITPOINT WARNING * * *
You feel sick.
Unknown command.
* * * LOW HITPOINT WARNING * * *
You feel sick.
You see here an adder corpse.
Your surroundings suddenly seem different.
An endoplasm comes into view.
* * * LOW HITPOINT WARNING * * *
You feel sick.
You die...

##......######.............#
.........###.....##..........#
................####.........#
..............................
.......#..###.####............
.......##.# #.###..#..........
....... ..# #.#...##..........
.. .........#.##.......... .
.######................. ..
###.........<..... ..
..........>..... #...........
................. #..........#
##......... #..........#
#.......... #..........##
#...........# #.........#
#.........# #.J...@...#
#.........# ###########


You could see an endoplasm (asleep).

Vanquished Creatures
  An adder (D:2)
  5 bats
  An endoplasm (D:1)
  A giant cockroach (D:1)
  3 goblins
  2 hobgoblins (D:1)
  2 kobolds (D:1)
  4 quokkas (D:1)
  5 ball pythons
  2 frilled lizards (D:1)
  2 rats
28 creatures vanquished.

Notes
Turn   | Place    | Note
-------+----------+-------------------------------------------
     0 | D:1      | petzl the Octopode Arcane Marksman began the quest for the
                  | Orb.
     0 | D:1      | Reached XP level 1. HP: 13/13 MP: 2/2
   245 | D:1      | Reached XP level 2. HP: 16/18 MP: 3/3
   313 | D:1      | Reached skill level 1 in Stealth
   842 | D:1      | Reached XP level 3. HP: 23/23 MP: 5/5
  1071 | D:1      | Found a faded altar of an unknown god.
  1337 | D:2      | HP: 1/23 [poisoned by an adder]
  1338 | D:2      | Succumbed to an adder's poison

Illustrated notes

Levels and vault maps discovered:
D:1:      nicolae_arrival_memento_mori, layout_basic,
          chequers_ecumenical_altar_grove, corexii_hall_statues_s,
          minmay_pentomino_w2
D:2:      minmay_general_purpose_star, layout_rooms, minmay_increasing_density,
          uniq_crazy_yiuf_cottage, uniq_terence

Skill      XL: |  1  2 |
---------------+-------+-----
Stealth        | 1 |  1.6
Fighting       | |  1.6
Crossbows      | |  2.3
Dodging        | |  2.4
Spellcasting   | |  1.5
Hexes          | |  3.0

Action                   || total
-------------------------++-------
Melee: Short sword       ||    15
       Constrict         ||     4
       Tentacles         ||     2
 Fire: Hand crossbow     ||    62
 Cast: Slow              ||     3
  Use: Scroll            ||     1
 Stab: Sleeping          ||     5
Armor: Skin              ||     4
Dodge: Dodged            ||    25

Table legend: (Time is in decaauts)
 A = Elapsed time spent in this place.
 B = Non-inter-level travel time spent in this place.
 C = Inter-level travel time spent in this place.
 D = Time resting spent in this place.
 E = Time spent auto-exploring this place.
 F = Levels seen in this place.
 G = Mean time per level.
                   A        B        C        D        E       F      G
               +--------+--------+--------+--------+--------+-----+--------+
         Total |   1363 |   1275 |     88 |    248 |    833 |   2 |  681.5 |
       Dungeon |   1363 |   1275 |     88 |    248 |    833 |   2 |  681.5 |
               +--------+--------+--------+--------+--------+-----+--------+

Top non-repeatable levels by time:
     D:1: 1272 daAuts
     D:2: 90 daAuts
